 Dungeon Crawl Stone Soup version 0.28-b1-70-g80dc712255 (webtiles) character file.

Game seed: 14482850343536591694

112 vvl the Stinger (level 4, -4/27 HPs)
             Began as an Octopode Venom Mage on Feb 4, 2022.
             Succumbed to a kobold brigand's curare-tipped dart
             ... on level 3 of the Dungeon.
             The game lasted 00:07:29 (2780 turns).

vvl the Stinger (Octopode Venom Mage)               Turns: 2780, Time: 00:07:30

Health: -4/27      AC:  1    Str:  7    XL:     4   Next: 93%
Magic:  7/7        EV: 13    Int: 19    God:
Gold:   56         SH:  0    Dex: 12    Spells: 7/8 levels left

rFire   . . .      SeeInvis .   h - +0 dagger (venom)
rCold   . . .      Faith    .   (no shield)
rNeg    . . .      Spirit   .   (helmet restricted)
rPois   .          Reflect  .   (no amulet)
rElec   .          Harm     .   (no ring)
rCorr   .          Rampage  .   (no ring)
Will    .....                   (no ring)
Stlth   +++.......              (no ring)
HPRegen 0.09/turn               (no ring)
MPRegen 0.10/turn               (no ring)
                                (no ring)
                                (no ring)

@: mighty, lethally poisoned (-4 -> -23), slowed, very slow
A: almost no armour, amphibious, 8 rings, camouflage 1, gelatinous body 1,
(nimble swimmer 1), tentacles
a: no special abilities


You were on level 3 of the Dungeon.
You visited 1 branch of the dungeon, and saw 3 of its levels.

You collected 56 gold pieces.

Inventory:

Hand Weapons
 a - a +1 dagger of holy wrath
 h - a +0 dagger of venom (weapon)
Magical Staves
 f - a staff of poison
Scrolls
 b - a scroll of holy word {unknown}
 d - 4 scrolls of teleportation {unknown}
 g - a scroll of noise {unknown}
 i - a scroll of identify {unknown}


   Skills:
 + Level 2.7 Dodging
 + Level 4.0 Stealth
 + Level 2.6 Spellcasting
 + Level 2.1 Transmutations
 + Level 4.3 Poison Magic


You had 7 spell levels left.
You knew the following spells:

 Your Spells              Type           Power      Damage    Failure   Level
a - Sting                 Tmut/Pois      56%        1d5       4%          1

Your spell library contained the following spells:

 Spells                   Type           Power      Damage    Failure   Level
 Poisonous Vapours        Pois/Air       20%        N/A       10%         2
 Mephitic Cloud           Conj/Pois/Air  8%         N/A       26%         3
 Olgreb's Toxic Radiance  Pois           19%        N/A       26%         4


Dungeon Overview and Level Annotations

Branches:
Dungeon (3/15)

Altars:


Innate Abilities, Weirdness & Mutations

You cannot wear most types of armour.
You are amphibious.
You can wear up to eight rings at the same time.
Your skin changes colour to match your surroundings (Stealth+).
Your rubbery body absorbs attacks. (AC +1, EV +1)
((You are camouflaged when in or above water. (Stealth+)))
You have tentacles for arms and can constrict up to eight enemies at once.


Message History

Things that are here:
a +0 dagger; a +0 dagger; a +0 dagger
There is a stone staircase leading down here.
You climb downwards.
There is a stone staircase leading up here.
Found a stone staircase leading down.
A frilled lizard comes into view.
Found 10 bolts.
An adder comes into view.
You see here 10 bolts.
The helpless frilled lizard fails to defend itself.
You puncture the frilled lizard!
You kill the frilled lizard!
The helpless adder fails to defend itself.
You puncture the adder!
You kill the adder!
Your Stealth skill increases to level 4!
A jackal, a kobold brigand, 2 snakes and a frilled lizard come into view.
The kobold brigand is wielding a +0 short sword and quivering curare-tipped darts.
The frilled lizard hisses angrily.
The sting hits the kobold brigand but does no damage.
The kobold brigand is poisoned.
The kobold brigand throws a curare-tipped dart.
The curare-tipped dart hits you.
You are poisoned.
You have difficulty breathing.
You feel yourself slow down.
The sting misses the kobold brigand.
You feel very sick.
The kobold brigand throws a curare-tipped dart.
The curare-tipped dart hits you.
You are lethally poisoned!
You have difficulty breathing.
You feel as though you will be slow longer.
It was a potion of might.
You feel very mighty all of a sudden.
* * * LOW HITPOINT WARNING * * *
You feel extremely sick. The kobold brigand closely misses you.
It was a potion of magic.
Magic courses through your body.
You die...

............# ...#
............# #..##
####........# ....
#........####.#
#######..#....#
#.......#.##.#
#.........##.######.
#...................
#........###@#######
########.. #K#
##+##l# ...K.S..#
........# Sl......#
........# #####...#
##..#


You could see a kobold brigand (poisoned) and a frilled lizard.

Vanquished Creatures
  Robin (D:2)
  3 adders
  A worm (D:2)
  3 dart slugs (D:1)
  2 bats (D:2)
  6 endoplasms
  3 giant cockroaches
  17 goblins
  4 hobgoblins
  2 jackals (D:2)
  2 kobolds
  2 quokkas (D:1)
  7 ball pythons
  2 frilled lizards
  3 rats
58 creatures vanquished.

Notes
Turn   | Place    | Note
-------+----------+-------------------------------------------
     0 | D:1      | vvl the Octopode Venom Mage began the quest for the Orb.
     0 | D:1      | Reached XP level 1. HP: 11/11 MP: 3/3
    72 | D:1      | Reached XP level 2. HP: 17/17 MP: 1/5
   585 | D:1      | Reached XP level 3. HP: 20/21 MP: 6/6
  1724 | D:2      | Noticed Robin
  1739 | D:2      | Reached XP level 4. HP: 11/27 MP: 4/7
  2089 | D:2      | Killed Robin
  2772 | D:3      | Noticed a kobold brigand
  2780 | D:3      | Succumbed to a kobold brigand's curare-tipped dart

Illustrated notes

Levels and vault maps discovered:
D:1:      minmay_arrival_checkered_box, layout_loops_ring
D:2:      layout_rooms, minmay_pentomino_o4, uniq_robin
D:3:      layout_basic, serial_curves, eino_curves_04, eino_curves_02

Skill      XL: |  1  2  3  4 |
---------------+-------------+-----
Stealth        | 3 4 |  4.0
Poison Magic   | 4 |  4.3
Transmutations | 2 |  2.1
Dodging        | |  2.7
Spellcasting   | |  2.6

Action                   |  1- 3 |  4- 6 || total
-------------------------+-------+-------++-------
Melee: Unarmed           |     3 |       ||     3
       Constrict         |     9 |     3 ||    12
       Tentacles         |     6 |       ||     6
       Short sword       |    20 |       ||    20
       Staff             |     5 |    10 ||    15
       Dagger            |       |     3 ||     3
 Cast: Sting             |    54 |    27 ||    81
  Use: Potion            |       |     2 ||     2
 Stab: Sleeping          |     4 |     2 ||     6
       Distracted        |     1 |       ||     1
Armor: Skin              |       |     2 ||     2
Dodge: Dodged            |    24 |    15 ||    39
